 Dungeon Crawl Stone Soup version 0.21-b1-19-g8321a34dda (webtiles) character file.

2493 VTCobaltblood the Grappler (level 9, 84/84 HPs)
             Began as a Troll Berserker on Jan 3, 2018.
             Was an Elder of Trog.
             Starved to death
             ... on level 7 of the Dungeon.
             The game lasted 00:18:51 (4882 turns).

VTCobaltblood the Grappler (Troll Berserker)        Turns: 4882, Time: 00:18:51

Health: 84/84      AC:  7    Str: 27 (30) XL:     9   Next: 27%
Magic:  8/8        EV: 11    Int:  0 (3)  God:    Trog [****..]
Gold:   252        SH:  0    Dex:  8 (9)  Spells: 8/8 levels left

rFire    . . .     SeeInvis .     - Unarmed
rCold    . . .     Gourm    +   (no shield)
rNeg     . . .     Faith    .   a - +1 animal skin
rPois    .         Spirit   .   n - +1 hat
rElec    .         Reflect  .   (no cloak)
rCorr    .         Harm     .   (gloves unavailable)
MR       .....                  (boots unavailable)
Stlth    +.........             (no amulet)
HPRegen  0.64/turn              (no ring)
MPRegen  0.11/turn              (no ring)

@: fainting, slowed, lost intelligence, very slow
A: large, unfitting armour, claws 3, fast metabolism 3, gourmand, regeneration
1, shaggy fur 1, tough skin 2
a: Berserk, Trog's Hand, Brothers in Arms, Burn Spellbooks, Renounce Religion


You were on level 7 of the Dungeon.
You worshipped Trog.
Trog was greatly pleased with you.
You were fainting.

You visited 1 branch of the dungeon, and saw 7 of its levels.
You also visited: Sewer.

You collected 252 gold pieces.

Inventory:

Hand Weapons
 c - a +0 mace of distortion
 t - a +1 dagger of holy wrath
Missiles
 l - 153 stones (quivered)
Armour
 a - a +1 animal skin (worn)
 n - a +1 hat (worn)
Jewellery
 x - a cursed -3 ring of dexterity
Wands
 d - a wand of paralysis (16)
 g - a wand of disintegration (7)
 o - a wand of polymorph (12)
 s - a wand of scattershot (5)
 A - a wand of iceblast (6)
Scrolls
 b - a scroll of enchant weapon
 e - a scroll of identify
 h - 3 scrolls of remove curse
 u - a scroll of enchant armour
 y - a scroll of fear {unknown}
Potions
 f - 3 potions of invisibility
 i - a potion of degeneration
 j - a potion of resistance {unknown}
 k - a potion of agility {unknown}
 m - a potion of haste
 p - a potion of curing
 q - 3 potions of magic {unknown}
 r - a potion of lignification {unknown}
 v - a potion of cancellation {unknown}
 z - a potion of mutation {unknown}
Books
 w - a book of Conjurations

   Spells                             Type                      Level
   a - Magic Dart                     Conjuration                  1
   b - Searing Ray                    Conjuration                  2
   c - Dazzling Spray                 Conjuration/Hexes            3
   d - Fulminant Prism                Conjuration/Hexes            4
   e - Force Lance                    Conjuration/Translocation    4
   f - Iskenderun's Mystic Blast      Conjuration                  4
   Trog disapproves of the use of such an item.


   Skills:
 + Level 4.0 Fighting
 - Level 0.2 Throwing
 + Level 5.9 Dodging
 - Level 0.6 Stealth
 + Level 10.3 Unarmed Combat


You had 8 spell levels left.
You didn't know any spells.

Dungeon Overview and Level Annotations

Branches:
Dungeon (7/15)             Temple (0/1) D:4

Altars:
Cheibriados
Okawaru
Trog
Xom
The Shining One

Shops:
D:5 (


Innate Abilities, Weirdness & Mutations

You are too large for most types of armour.
You have claws for hands.
Your metabolism is lightning-fast.
You like to eat raw meat.
Your natural rate of healing is unusually fast.
You are covered in fur. (AC +1)
You have very tough skin. (AC +2)


Message History

The centaur skeleton hits you but does no damage.
You scratch the centaur skeleton.
The centaur skeleton is lightly damaged.
The centaur skeleton closely misses you.
You claw the centaur skeleton!
The centaur skeleton is severely damaged.
The centaur skeleton hits you. The centaur skeleton barely misses you.
You scratch the centaur skeleton.
The centaur skeleton is almost destroyed.
The centaur skeleton closely misses you.
You claw the centaur skeleton!
You destroy the centaur skeleton!
Trog accepts your kill.
Your Fighting skill increases to level 4!
A worker ant comes into view.
Found a scroll labeled XOXOIQ DEBYTREFEKE.
A - a wand of iceblast (6)
You hear a distant blaring wail to the east.
You have starved to death.
You die...

# .... .... ...# .a.
#######.# #....@..#
###......## #
#.......## .
#.#.....###### ##.
#..####.......####
#.# ?.. ##.........##
#.. ....
.....####.#####.###.#
....
#########...###....<#
....
...........#####...


You could see a worker ant (wandering).

Vanquished Creatures
  Grinder (D:3)
  Prince Ribbit (D:5)
  Eustachio (D:4)
  Duvessa (D:4)
  A necrophage (D:5)
  4 ogres (D:5)
  A centaur (D:5)
  Blork the orc (D:6)
  Dowan (D:4)
  4 killer bees (D:7)
  5 howler monkeys
  3 crimson imps
  A centaur zombie (D:5)
  3 hounds
  A jelly (D:7)
  A centaur skeleton (D:7)
  2 orc priests
  A gnoll shaman (D:5)
  An orc wizard (D:6)
  Ijyb (D:3)
  An iguana (D:5)
  Natasha (thrice) (D:3)
  2 worker ants
  A killer bee zombie (D:7)
  7 adders
  7 gnolls
  4 adder skeletons
  4 worms
  4 dart slugs
  6 leopard geckos
  17 orcs
  4 ball pythons
  5 giant cockroaches
  9 goblins
  2 hobgoblins
  13 jackals
  A quokka (D:6)
  9 bats
  10 frilled lizards
  7 kobolds
  A quokka skeleton (D:6)
  9 rats
161 creatures vanquished.

Notes
Turn   | Place    | Note
-------+----------+-------------------------------------------
     0 | D:1      | VTCobaltblood the Troll Berserker began the quest for the Orb.
     0 | D:1      | Reached XP level 1. HP: 22/22 MP: 0/0
    88 | D:1      | Reached XP level 2. HP: 29/29 MP: 1/1
   558 | D:2      | Reached XP level 3. HP: 36/36 MP: 2/2
   577 | D:2      | Found a shimmering altar of Xom.
   657 | D:2      | Reached ** piety under Trog
   818 | D:3      | Noticed Natasha
   834 | D:3      | Killed Natasha
   834 | D:3      | Reached XP level 4. HP: 30/44 MP: 3/3
   838 | D:3      | Reached skill level 4 in Unarmed Combat
   867 | D:3      | Noticed Natasha
   875 | D:3      | Killed Natasha
   920 | D:3      | Noticed Grinder
   922 | D:3      | Paralysed by Grinder for 6 turns
   933 | D:3      | Killed Grinder
   933 | D:3      | Reached skill level 5 in Unarmed Combat
   933 | D:3      | Reached XP level 5. HP: 32/53 MP: 4/4
   933 | D:3      | Reached XP level 6. HP: 37/61 MP: 5/5
  1240 | D:3      | Noticed Natasha
  1243 | D:3      | Found a faded altar of an unknown god.
  1244 | D:3      | Killed Natasha
  1251 | D:3      | Reached skill level 6 in Unarmed Combat
  1267 | D:3      | Reached *** piety under Trog
  1389 | D:3      | Found an iron altar of Okawaru.
  1391 | D:3      | Found a bloodstained altar of Trog.
  1513 | D:3      | Noticed Ijyb
  1519 | D:3      | Killed Ijyb
  1700 | D:4      | Found a glowing drain.
  1724 | Sewer    | Entered a sewer
  2123 | D:4      | Noticed Eustachio
  2141 | D:4      | Killed Eustachio
  2141 | D:4      | Reached XP level 7. HP: 48/67 MP: 6/6
  2276 | D:4      | Noticed Duvessa
  2276 | D:4      | Noticed Dowan
  2290 | D:4      | Killed Duvessa
  2290 | D:4      | Reached skill level 7 in Unarmed Combat
  2294 | D:4      | Killed Dowan
  2750 | D:4      | Found a staircase to the Ecumenical Temple.
  2849 | D:5      | Entered Level 5 of the Dungeon
  2916 | D:5      | HP: 2/67 [gnoll/flail (4)]
  2922 | D:5      | Reached XP level 8. HP: 75/75 MP: 7/7
  2936 | D:5      | Reached skill level 8 in Unarmed Combat
  3020 | D:5      | Reached **** piety under Trog
  3232 | D:5      | Noticed Prince Ribbit
  3243 | D:5      | Killed Prince Ribbit
  3243 | D:5      | Reached skill level 5 in Dodging
  3478 | D:5      | Reached skill level 9 in Unarmed Combat
  3655 | D:5      | Found Puewkyiwn's Antique Weapon Emporium.
  4362 | D:6      | Reached XP level 9. HP: 82/82 MP: 8/8
  4494 | D:6      | Noticed Blork the orc
  4510 | D:6      | Killed Blork the orc
  4550 | D:6      | Found a glowing golden altar of the Shining One.
  4603 | D:6      | Found a snail-covered altar of Cheibriados.
  4703 | D:7      | Reached skill level 10 in Unarmed Combat
  4791 | D:7      | Lost intelligence.
  4856 | D:7      | Paralysed by fainting for 9 turns
  4882 | D:7      | Starved to death

Skill      XL: |  1  2  3  4  5  6  7  8  9 |
---------------+----------------------------+-----
Dodging        | 3 4 5 |  5.9
Unarmed Combat | 5 6 7 9 10 | 10.3
Fighting       | 3 4 |  4.0
Throwing       | |  0.2
Stealth        | |  0.6

Action                   |  1- 3 |  4- 6 |  7- 9 || total
-------------------------+-------+-------+-------++-------
Melee: Unarmed           |    94 |   141 |   246 ||   481
       Punch             |     1 |     3 |     9 ||    13
       Giant club        |       |       |    10 ||    10
Throw: Stone             |       |     3 |       ||     3
Invok: Berserk           |       |     1 |     2 ||     3
       Trog's Hand       |       |       |     2 ||     2
  Use: Scroll            |       |     6 |     5 ||    11
       Potion            |       |       |     6 ||     6
 Stab: Sleeping          |       |     1 |     1 ||     2
  Eat: Chunk             |     6 |       |     4 ||    10
       Ration            |       |     5 |     5 ||    10
Armor: Animal skin       |    43 |    53 |    70 ||   166
Dodge: Dodged            |    60 |    87 |   166 ||   313
